 Dungeon Crawl Stone Soup version 0.16.1-4-g8e1b745 (webtiles) character file.

135 Chiseanne the Insei (level 5, 0/28 HPs)
             Began as a Vine Stalker Monk on Mar 27, 2015.
             Slain by a goblin (1 damage)
             ... led by Robin
             ... on level 3 of the Dungeon.
             The game lasted 00:06:23 (2023 turns).

Chiseanne the Insei (Vine Stalker Monk)             Turns: 2023, Time: 00:06:23

Health: 0/28       AC:  6    Str: 13    XL:     5   Next: 18%
Magic:  0/7        EV:  6    Int: 10    God:
Gold:   109        SH: 10    Dex: 18    Spells: 0 memorised, 4 levels left

rFire  . . .     SeeInvis .       - Unarmed
rCold  . . .     Clarity  .     g - +0 scale mail
rNeg   . . .     SustAb   .     j - +0 large shield
rPois  .         Gourm    .     (helmet restricted)
rElec  .         Spirit   +     (no cloak)
rCorr  .         Warding  .     (no gloves)
rMut   .         Stasis   .     (no boots)
MR     .....                    a - amulet of faith
Stlth  +.........               (no ring)
                                (no ring)

@: lethally poisoned (0 -> 0), not resistant to hostile enchantments, very
unstealthy
A: fangs 2, horns 1, regeneration 1, magic shield, antimagic bite, no device
heal 3, rot immunity
a: no special abilities


You were on level 3 of the Dungeon.
You were hungry.

You visited 1 branch of the dungeon, and saw 3 of its levels.

You collected 109 gold pieces.

Inventory:

Missiles
 e - 3 tomahawks (quivered)
Armour
 g - a +0 scale mail (worn)
 j - a +0 large shield (worn)
Jewellery
 a - an amulet of faith (around neck)
Scrolls
 d - 2 scrolls of identify
 h - a scroll of immolation
Potions
 c - a potion of restore abilities
 f - a potion of curing
Comestibles
 b - 2 bread rations
 i - a beef jerky


   Skills:
 * Level 3.1 Fighting
 * Level 1.2 Armour
 - Level 3.3 Dodging
 - Level 2.4 Stealth
 * Level 0.1 Shields
 * Level 5.0 Unarmed Combat


You had 4 spell levels left.
You didn't know any spells.

Dungeon Overview and Level Annotations

Branches:
Dungeon (3/15)

Altars:
Sif Muna

Annotations:
D:3 Robin


Innate Abilities, Weirdness & Mutations

You have extremely sharp teeth.
Your natural rate of healing is unusually fast.
When hurt, damage is shared between your health and your magic reserves.
Your bite disrupts and absorbs the magic of your enemies.
Potions and wands cannot restore your health.
You are immune to rotting.
You have a pair of small horns on your head.


Message History

You hit Robin but do no damage. You headbutt Robin. You bite Robin.
You drain her power.
You feel invigorated.
Robin is moderately wounded.
Robin hits you with an enchanted club. The goblin hits you but does no damage.
You hit Robin.
Robin is severely wounded.
Robin zaps a wand.
The puff of frost hits you! The goblin hits you.
You hit Robin.
Robin is severely wounded.
You feel sick.
Robin roars a battlecry!
Robin zaps a wand.
The puff of frost hits you!
* * * LOW HITPOINT WARNING * * *
You block the goblin's attack.
You closely miss Robin. Your headbutt misses Robin.
Robin is severely wounded.
Robin hits you with an enchanted club.
* * * LOW HITPOINT WARNING * * *
The goblin hits you.
You die... gg.

#.. . .g ... ....##g## #
### #g#..g. #
#.....g.#.# # #
#.#.#.##g)#####.#.## #
#.#.#.#..gg........# #
#.#.#.#.####g####... #
#.....#.##.@)..#
######...#...#.g.....#
....##...#.#.#.......#
.##.#....#......._.....#
......#..#...#.......#$#
..#.##....#..#.......#.
..#.#.....##.##.....##
..#.###.#....####.###
..#.# #[#...... .


You could see Robin and a goblin (frenzied).

Vanquished Creatures
  4 adders
  A gnoll (D:2)
  2 worms (D:2)
  4 giant geckos
  An ooze (D:2)
  An orc (D:3)
  A ball python (D:2)
  10 bats
  12 goblins
  12 hobgoblins
  6 giant cockroaches
  2 giant newts (D:2)
  2 jackals (D:2)
  4 kobolds (D:1)
  A quokka (D:2)
  4 rats
67 creatures vanquished.

Notes
Turn   | Place    | Note
--------------------------------------------------------------
     0 | D:1      | Chiseanne, the Vine Stalker Monk, began the quest for the Orb.
     0 | D:1      | Reached XP level 1. HP: 11/11 MP: 1/1
   107 | D:1      | Reached XP level 2. HP: 16/16 MP: 3/3
   293 | D:1      | Gained mutation: You have a pair of small horns on your head. [potion of beneficial mutation]
   483 | D:1      | Reached XP level 3. HP: 16/19 MP: 1/4
  1211 | D:2      | Reached XP level 4. HP: 23/23 MP: 5/5
  1968 | D:3      | Reached skill level 1 in Armour
  1985 | D:3      | Found a deep blue altar of Sif Muna.
  1994 | D:3      | Noticed Robin
  1997 | D:3      | Reached XP level 5. HP: 28/28 MP: 7/7
  2015 | D:3      | Reached skill level 5 in Unarmed Combat
  2023 | D:3      | HP: 1/28 [Robin/enchanted club (2)]
  2023 | D:3      | Slain by a goblin

Action                   |  1- 3 |  4- 6 || total
-------------------------+-------+-------++-------
Melee: Unarmed           |   101 |   106 ||   207
  Use: Scroll            |     6 |     1 ||     7
       Potion            |     1 |       ||     1
 Stab: Sleeping          |     1 |       ||     1
  Eat: Chunk             |     1 |     2 ||     3
